[Event "Titled Tuesday Blitz December 13 Late 2022"]
[White "Silvestre, Christian"]
[Black "Miller, Luke C"]
[WhiteFideId "30956269"]
[BlackFideId "2096935"]
[WhiteElo "2352"]
[BlackElo "2498"]
[Result "1-0"]
[Round "07"]
[TimeControl "180+1"]
[Date "2022.12.14"]
[WhiteClock "0:00:20"]
[BlackClock "0:00:12"]

1. d4 Nf6 2. Bg5 e6 3. e4 h6 4. Bxf6 Qxf6 5. c3 c5 6. e5 Qd8 7. d5 d6 8. dxe6 Bxe6 9. Nf3 Nc6 10. exd6 Bxd6 11. Bb5 Rc8 12. O-O O-O 13. Nbd2 a6 14. Ne4 Be7 15. Bd3 Qc7 16. Qe2 Rfe8 17. Qc2 Bg4 18. Ned2 b5 19. Bh7+ Kh8 20. Bf5 Bxf5 21. Qxf5 Bf8 22. Rfe1 g6 23. Qg4 Bg7 24. h4 Ne5 25. Nxe5 Rxe5 26. Rxe5 Bxe5 27. h5 Rg8 28. Nf3 Bd6 29. Rd1 Kg7 30. hxg6 fxg6 31. Nh4 Kh7 32. Qe6 Bh2+ 33. Kh1 Rg7 34. g3 Bxg3 35. fxg3 Qxg3 36. Ng2 h5 37. Qd6 Qh3+ 38. Qh2 Qg4 39. Rg1 Rd7 40. Qh4 Qf3 41. Qf4 Qh3+ 42. Qh2 Qf3 43. Qf4 Qh3+ 44. Qh2 Qf3 45. Qh4 Rd1 46. Rxd1 Qxd1+ 47. Kh2 Qd6+ 48. Qg3 Qxg3+ 49. Kxg3 Kh6 50. Ne3 g5 51. Nd5 g4 52. Kh4 Kg6 53. Nc7 Kf5 54. Nxa6 Kf4 55. Nxc5 g3 56. Ne6+ Ke5 57. Ng5 g2 58. Kxh5 Kf4 59. Kh4 g1=Q 60. Nh3+ Ke3 61. Nxg1 Kd2 62. Nf3+ Kc2 63. b3 Kxc3 64. Ne5 Kb2 65. Nc6 Kxa2 66. b4 Kb3 67. Kg5 Kc4 68. Kf5 Kd5 69. Na5 Kd4 70. Ke6 Kc3 71. Nc6 Kc4 72. Kd6 Kb3 73. Kc5 Ka4 74. Kb6 Kb3 75. Kxb5 Kc3 76. Kc5 1-0


[Site "https://www.chess.com"]

[Event "Titled Tuesday Blitz December 13 Late 2022"]
[White "Sivakumar, Shaaketh"]
[Black "Torres Boch, Jose Francisco"]
[WhiteFideId "30940176"]
[BlackFideId "2278383"]
[WhiteElo "2174"]
[BlackElo "2073"]
[Result "0-1"]
[Round "07"]
[TimeControl "180+1"]
[Date "2022.12.14"]
[WhiteClock "0:00:07"]
[BlackClock "0:00:14"]

1. d4 Nf6 2. c4 e6 3. g3 Bb4+ 4. Bd2 Be7 5. Bg2 d5 6. Nf3 O-O 7. O-O c6 8. Qc2 Nbd7 9. Bf4 b6 10. Rd1 Ba6 11. Ne5 Nxe5 12. dxe5 Nd7 13. cxd5 cxd5 14. e4 Rc8 15. Qd2 g5 16. Be3 Nxe5 17. exd5 Nc4 18. Qe2 e5 19. Bc1 b5 20. b3 Nd6 21. Bb2 Bf6 22. Nc3 b4 23. Qxa6 bxc3 24. Ba3 Be7 25. Re1 f6 26. Bh3 Rb8 27. Be6+ Kg7 28. Rac1 Qc7 29. Red1 Rfe8 30. Rd3 Nb5 31. Bxe7 Qxe7 32. a4 Nd4 33. Rdxc3 Nxe6 34. dxe6 Qxe6 35. Rc7+ Kg6 36. Qxa7 Rxb3 37. Rg7+ Kf5 38. Rxh7 Rc8 39. Rxc8 Qxc8 40. Qd7+ Qxd7 41. Rxd7 Ra3 42. Ra7 Kg4 43. Kg2 e4 44. h3+ Kf5 45. Ra6 Ra2 46. g4+ Ke5 47. Ra5+ Ke6 48. Kg3 Ra3+ 49. Kg2 Ra2 50. Ra7 e3 51. Kg3 e2 52. Ra8 Ke7 53. Ra7+ Kf8 54. Ra8+ Kf7 55. Ra7+ Kf8 56. Ra8+ Ke7 57. Ra7+ Kd6 58. Ra6+ Kd5 59. Ra5+ Kd4 60. Ra8 e1=Q 0-1


[Site "https://www.chess.com"]

[Event "Titled Tuesday Blitz December 13 Late 2022"]
[White "Sjugirov, Sanan"]
[Black "Fedoseev, Vladimir"]
[WhiteFideId "4189302"]
[BlackFideId "24130737"]
[WhiteElo "2613"]
[BlackElo "2733"]
[Result "1-0"]
[Round "07"]
[TimeControl "180+1"]
[Date "2022.12.13"]
[WhiteClock "0:00:06"]
[BlackClock "0:00:12"]

1. d4 Nf6 2. c4 e6 3. Nf3 d5 4. g3 Be7 5. Bg2 O-O 6. O-O Nbd7 7. Qc2 c6 8. Bf4 b6 9. Rd1 Ba6 10. Nbd2 Bb7 11. Rac1 Rc8 12. e4 a5 13. e5 Ne8 14. cxd5 cxd5 15. Qa4 Nc7 16. Bf1 Ra8 17. h4 b5 18. Qc2 Rc8 19. Ng5 g6 20. Ngf3 Nb6 21. Nb3 Na6 22. Qb1 Nc4 23. Bg5 Bxg5 24. hxg5 a4 25. Nc5 Nxc5 26. dxc5 Rxc5 27. b3 axb3 28. axb3 Na3 29. Qb2 Rxc1 30. Qxc1 Qe7 31. Nh2 Rc8 32. Qf4 Kg7 33. Ng4 b4 34. Nf6 Rh8 35. Qh4 h5 36. gxh6+ Rxh6 37. Qxh6+ Kxh6 38. Ng8+ Kg7 39. Nxe7 Kf8 40. Nxg6+ fxg6 41. Bd3 d4 42. Bxg6 Nb5 43. Bd3 Nc3 44. Ra1 Bd5 45. Bc2 Nb5 46. Kf1 Na3 47. Bd1 d3 48. Ke1 Nc2+ 49. Bxc2 dxc2 50. Kd2 Bxb3 51. Ra8+ Kf7 52. Rb8 Kg6 53. Rxb4 Bd5 54. Kxc2 Kf5 55. f4 Kg4 56. Kd2 Kxg3 57. Ke3 Kg4 58. Rb8 Kf5 59. Rg8 1-0


[Site "https://www.chess.com"]

[Event "Titled Tuesday Blitz December 13 Late 2022"]
[White "So, Wesley"]
[Black "Deac, Bogdan-Daniel"]
[WhiteFideId "5202213"]
[BlackFideId "1226380"]
[WhiteElo "2763"]
[BlackElo "2649"]
[Result "1/2-1/2"]
[Round "07"]
[TimeControl "180+1"]
[Date "2022.12.13"]
[WhiteClock "0:00:03"]
[BlackClock "0:00:03"]

1. e4 e5 2. Nf3 Nc6 3. Bc4 Bc5 4. c3 Nf6 5. d3 d6 6. O-O a5 7. Re1 O-O 8. h3 h6 9. Nbd2 Be6 10. Bb5 Nd7 11. Nf1 d5 12. Be3 dxe4 13. dxe4 Qf6 14. Qe2 Rfd8 15. Red1 Bf8 16. Ng3 Nc5 17. Bxc6 Rxd1+ 18. Rxd1 bxc6 19. Nh5 Qe7 20. Nxe5 Bxa2 21. Bd4 Ne6 22. Nxc6 Qe8 23. Ne5 Nxd4 24. cxd4 c5 25. Ng4 Kh8 26. d5 f5 27. Ne3 Qxe4 28. Ng3 Qe5 29. Ngxf5 Bb3 30. Rd2 c4 31. d6 a4 32. Nh4 Qe4 33. Qh5 c3 34. bxc3 a3 35. d7 a2 36. d8=Q Rxd8 37. Rxd8 a1=Q+ 38. Nf1 Kh7 39. Rxf8 Bc4 40. Nf3 Qxf1+ 41. Kh2 Qc1 42. h4 Bd5 43. Kh3 Be6+ 44. Kh2 Bd5 45. Kh3 Qh1+ 46. Kg3 Qc1 47. Kh3 1/2-1/2


[Site "https://www.chess.com"]

[Event "Titled Tuesday Blitz December 13 Late 2022"]
[White "Sourath Biswas"]
[Black "Nasuta, Grzegorz"]
[WhiteFideId "35091484"]
[BlackFideId "1141686"]
[WhiteElo "2164"]
[BlackElo "2441"]
[Result "1-0"]
[Round "07"]
[TimeControl "180+1"]
[Date "2022.12.13"]
[WhiteClock "0:00:56"]
[BlackClock "0:00:02"]

1. d4 d5 2. Bf4 c5 3. e3 Nc6 4. Nf3 Nf6 5. Nbd2 Nh5 6. dxc5 Nxf4 7. exf4 g6 8. c3 Bh6 9. Bb5 O-O 10. Bxc6 bxc6 11. Qa4 Rb8 12. Nb3 Qc7 13. g3 Bg4 14. Nfd4 e5 15. Nxc6 Bd7 16. Ne7+ Kh8 17. Nxd5 Qb7 18. Qe4 Bf5 19. Qc4 exf4 20. O-O fxg3 21. hxg3 Rbc8 22. Rad1 Be6 23. Qh4 Bxd5 24. Qxh6 Bxb3 25. axb3 Qxb3 26. Rd4 Qb7 27. Rfd1 Kg8 28. b4 Rc7 29. Rd8 1-0


[Site "https://www.chess.com"]

[Event "Titled Tuesday Blitz December 13 Late 2022"]
[White "Svane, Frederik"]
[Black "Souleidis, Georgios"]
[WhiteFideId "12923044"]
[BlackFideId "4206827"]
[WhiteElo "2466"]
[BlackElo "2401"]
[Result "1-0"]
[Round "07"]
[TimeControl "180+1"]
[Date "2022.12.13"]
[WhiteClock "0:00:26"]
[BlackClock "0:00:12"]

1. e4 c5 2. Nf3 e6 3. c3 Nf6 4. e5 Nd5 5. d4 cxd4 6. cxd4 d6 7. Bc4 Nb6 8. Bb3 Nc6 9. O-O Be7 10. Nc3 dxe5 11. dxe5 O-O 12. Qe2 Nd4 13. Nxd4 Qxd4 14. Rd1 Qh4 15. Be3 Rd8 16. Rxd8+ Bxd8 17. Rd1 Qe7 18. Bc5 Qe8 19. Qd2 Bc7 20. Qd4 h6 21. Ne4 Qc6 22. Nf6+ gxf6 23. Qg4+ Kh8 24. Bf8 1-0


[Site "https://www.chess.com"]

[Event "Titled Tuesday Blitz December 13 Late 2022"]
[White "Tang, Andrew"]
[Black "Maksimovic, Bojan"]
[WhiteFideId "2059630"]
[BlackFideId "14408120"]
[WhiteElo "2582"]
[BlackElo "2462"]
[Result "1-0"]
[Round "07"]
[TimeControl "180+1"]
[Date "2022.12.13"]
[WhiteClock "0:00:01"]
[BlackClock "0:00:01"]

1. d4 Nf6 2. c4 g6 3. f3 Bg7 4. e4 d6 5. Nc3 Nbd7 6. Nge2 O-O 7. Bg5 h6 8. Be3 e5 9. d5 Nh5 10. Qd2 g5 11. g3 Ndf6 12. Bg2 a6 13. O-O Qe7 14. b4 Kh7 15. c5 Bd7 16. Rac1 Rg8 17. Rc2 Bf8 18. Rfc1 Nf4 19. gxf4 gxf4 20. cxd6 fxe3 21. dxe7 exd2 22. exf8=N+ Raxf8 23. Rxd2 Nh5 24. Nd1 c6 25. dxc6 Bxc6 26. Ne3 Rg5 27. Kf2 Rfg8 28. h4 R5g7 29. Bh3 Nf4 30. Bf5+ Kh8 31. Rg1 Rxg1 32. Nxg1 Bb5 33. Ng4 h5 34. Nxe5 1-0


[Site "https://www.chess.com"]

[Event "Titled Tuesday Blitz December 13 Late 2022"]
[White "Thiel, Thomas"]
[Black "Banzea, Alexandru-Bogdan"]
[WhiteFideId "4615964"]
[BlackFideId "1232622"]
[WhiteElo "2224"]
[BlackElo "2294"]
[Result "1-0"]
[Round "07"]
[TimeControl "180+1"]
[Date "2022.12.14"]
[WhiteClock "0:01:42"]
[BlackClock "0:01:18"]

1. e4 d5 2. exd5 c6 3. dxc6 Nxc6 4. Nf3 e5 5. d3 h6 6. Nc3 g5 7. Be2 Bg7 8. h4 g4 9. Nd2 f5 10. Nc4 Be6 11. Be3 Nge7 12. Bc5 Nc8 13. Qd2 b6 14. Ba3 Bxc4 15. dxc4 Qxd2+ 16. Kxd2 h5 17. Rad1 Bh6+ 18. Ke1 Nd4 19. Bd3 Kf7 20. c5 Rd8 21. Bxf5 Nxc2+ 22. Bxc2 1-0


[Site "https://www.chess.com"]

[Event "Titled Tuesday Blitz December 13 Late 2022"]
[White "Toncheva, Nadya"]
[Black "Kanyamarala, Trisha"]
[WhiteFideId "2924056"]
[BlackFideId "45004722"]
[WhiteElo "2101"]
[BlackElo "2135"]
[Result "1-0"]
[Round "07"]
[TimeControl "180+1"]
[Date "2022.12.14"]
[WhiteClock "0:00:24"]
[BlackClock "0:00:01"]

1. e4 c5 2. c3 Nf6 3. e5 Nd5 4. Nf3 Nc6 5. Bc4 Nb6 6. Bb3 c4 7. Bc2 d5 8. exd6 Qxd6 9. O-O Bg4 10. Re1 e6 11. b3 cxb3 12. axb3 Be7 13. d4 O-O 14. Nbd2 Nd5 15. Ne4 Qc7 16. Qd3 Bf5 17. Bd2 Rfd8 18. Qe2 Nf4 19. Bxf4 Qxf4 20. Ng3 Bxc2 21. Qxc2 Rac8 22. Qe4 Qxe4 23. Nxe4 a6 24. Red1 Nb8 25. c4 Nc6 26. Kf1 f5 27. Nc3 Bf6 28. Ne2 Rd7 29. Ra2 Rcd8 30. Rad2 Nb4 31. Nf4 Kf7 32. h4 b5 33. Re1 Re8 34. Rde2 Rde7 35. cxb5 axb5 36. Ne5+ Bxe5 37. Rxe5 Rb8 38. Nxe6 Kf6 39. Nf4 Rxe5 40. Rxe5 Nc6 41. Re6+ Kf7 42. Rxc6 1-0


[Site "https://www.chess.com"]

[Event "Titled Tuesday Blitz December 13 Late 2022"]
[White "Van Dael, Siem"]
[Black "Blanco Acevedo, Cristobal Jose"]
[WhiteFideId "1049771"]
[BlackFideId "3900525"]
[WhiteElo "2336"]
[BlackElo "2273"]
[Result "1-0"]
[Round "07"]
[TimeControl "180+1"]
[Date "2022.12.14"]
[WhiteClock "0:02:27"]
[BlackClock "0:00:10"]

1. e4 c5 2. Nf3 Nc6 3. d4 cxd4 4. Nxd4 Nf6 5. Nc3 e5 6. Ndb5 d6 7. Bg5 a6 8. Na3 b5 9. Bxf6 gxf6 10. Nd5 f5 11. Bxb5 axb5 12. Nxb5 Ra4 13. Nbc7+ Kd7 14. O-O Rxe4 15. Qh5 Ne7 16. Qxf7 Kc6 17. Rfd1 Nxd5 18. Nxd5 Qd7 19. Qh5 Rg8 20. Qf3 Qg7 21. g3 Qg4 22. Qc3+ Rc4 23. Qa5 Rg7 24. Qb6+ Kd7 25. Nf6+ Ke6 26. Nxg4 Rcxg4 27. Qd8 Bd7 28. Qxf8 h5 29. Rd5 Kxd5 30. Rd1+ Kc6 31. Qxd6+ Kb7 32. Rd3 Rd4 33. Rb3+ Ka7 34. Qb6+ Ka8 35. Qa6# 1-0


[Site "https://www.chess.com"]

[Event "Titled Tuesday Blitz December 13 Late 2022"]
[White "Vasquez Schroeder, Rodrigo"]
[Black "Bluebaum, Matthias"]
[WhiteFideId "3400042"]
[BlackFideId "24651516"]
[WhiteElo "2603"]
[BlackElo "2634"]
[Result "1-0"]
[Round "07"]
[TimeControl "180+1"]
[Date "2022.12.13"]
[WhiteClock "0:00:45"]
[BlackClock "0:00:01"]

1. e4 e6 2. d4 d5 3. Nc3 Nf6 4. e5 Nfd7 5. Nce2 c5 6. c3 Nc6 7. f4 Be7 8. Nf3 a5 9. a4 f6 10. h4 O-O 11. Neg1 Qb6 12. Bd3 f5 13. Ne2 cxd4 14. cxd4 Nb4 15. Bb1 Nb8 16. Nc3 Bd7 17. Rg1 Be8 18. g4 fxg4 19. Rxg4 Bh5 20. Ng5 Bxg5 21. hxg5 N8c6 22. Bxh7+ Kxh7 23. Rh4 g6 24. Rxh5+ gxh5 25. Qxh5+ Kg7 26. Qh6+ Kf7 27. Qf6+ Ke8 28. Qxe6+ Kd8 29. Qd6+ Ke8 30. Qe6+ Kd8 31. Qd6+ Kc8 32. Qxf8+ Qd8 33. Qxd8+ Kxd8 34. Kf2 Nxd4 35. Be3 Nd3+ 36. Kg1 Nf5 37. Rd1 Nxb2 38. Rxd5+ Ke7 39. Bf2 Rc8 40. Rb5 Rxc3 41. Rxb2 Rc4 42. Rxb7+ Ke6 43. Rb6+ Ke7 44. Rf6 Rxf4 45. Bc5+ Ke8 46. e6 Rg4+ 47. Kh2 Ne7 48. Rf7 Ng6 49. Rg7 Nf8 50. Rg8 1-0


[Site "https://www.chess.com"]

[Event "Titled Tuesday Blitz December 13 Late 2022"]
[White "Winterberg, Lukas"]
[Black "Szyszylo, Rafal"]
[WhiteFideId "24622702"]
[BlackFideId "1109626"]
[WhiteElo "2350"]
[BlackElo "1981"]
[Result "1-0"]
[Round "07"]
[TimeControl "180+1"]
[Date "2022.12.14"]
[WhiteClock "0:01:13"]
[BlackClock "0:01:00"]

1. d4 d6 2. Bg5 g6 3. e4 Bg7 4. Nc3 Nf6 5. Qe2 e5 6. dxe5 dxe5 7. Nd5 c6 8. Nxf6+ Bxf6 9. Rd1 Qa5+ 10. Bd2 Qxa2 11. h4 h5 12. Qf3 Be7 13. Qc3 Qe6 14. Bc4 Qd6 15. Bg5 Qb4 16. Qxb4 Bxb4+ 17. c3 Be7 18. Nf3 Nd7 19. O-O f6 20. Be3 Nf8 21. Nd2 Be6 22. f4 Bg4 23. Ra1 a6 24. fxe5 fxe5 25. Bf7+ Kd7 26. Nc4 Bd8 27. Nxe5+ Ke7 28. Bc5# 1-0


[Site "https://www.chess.com"]

[Event "Titled Tuesday Blitz December 13 Late 2022"]
[White "Xiong, Jeffery"]
[Black "Melkumyan, Hrant"]
[WhiteFideId "2047640"]
[BlackFideId "13302485"]
[WhiteElo "2726"]
[BlackElo "2604"]
[Result "0-1"]
[Round "07"]
[TimeControl "180+1"]
[Date "2022.12.13"]
[WhiteClock "0:00:01"]
[BlackClock "0:00:10"]

1. d4 Nf6 2. c4 g6 3. Nc3 Bg7 4. e4 d6 5. Be2 e5 6. dxe5 dxe5 7. Qxd8+ Kxd8 8. Bg5 Be6 9. O-O-O+ Nd7 10. f4 h6 11. Bh4 Kc8 12. f5 gxf5 13. exf5 Bxf5 14. Nf3 Bg6 15. Rhf1 Re8 16. Bf2 Ng4 17. Nh4 h5 18. Nxg6 fxg6 19. Bxg4 hxg4 20. Be3 Rf8 21. Rxf8+ Bxf8 22. Rf1 a5 23. Rf7 Ra6 24. Ne4 Re6 25. b3 b6 26. Nf2 g3 27. hxg3 e4 28. Kd2 Bd6 29. g4 a4 30. Nh3 Bc5 31. Ng5 Rd6+ 32. Ke2 Bxe3 33. Kxe3 Nc5 34. b4 Rd3+ 35. Ke2 Na6 36. Nxe4 Ra3 37. b5 Rxa2+ 38. Kd1 Nc5 39. Nxc5 bxc5 40. Rf6 Rxg2 41. Rxg6 a3 42. Kc1 a2 43. Ra6 Kd7 44. g5 Ke7 45. g6 Kf8 46. Ra7 Kg8 47. Ra6 Kg7 48. Ra4 Kxg6 0-1


[Site "https://www.chess.com"]

[Event "Titled Tuesday Blitz December 13 Late 2022"]
[White "Yuan, Qingyu"]
[Black "Mendez Fortes, Eduardo Jesus"]
[WhiteFideId "8609772"]
[BlackFideId "3502376"]
[WhiteElo "2359"]
[BlackElo "2307"]
[Result "0-1"]
[Round "07"]
[TimeControl "180+1"]
[Date "2022.12.13"]
[WhiteClock "0:00:04"]
[BlackClock "0:00:48"]

1. e4 e5 2. Nf3 Nc6 3. Bb5 Nf6 4. d3 Bc5 5. Bxc6 dxc6 6. O-O Nd7 7. c3 O-O 8. d4 Bd6 9. Re1 Re8 10. Nbd2 c5 11. Nc4 exd4 12. cxd4 Bf8 13. d5 Nb6 14. b3 c6 15. Bb2 cxd5 16. Nxb6 axb6 17. exd5 Bg4 18. Rxe8 Qxe8 19. h3 Bh5 20. Qd3 Bg6 21. Qd2 f6 22. a4 Qd7 23. Rd1 Bf7 24. Qf4 Rd8 25. Nh4 Bd6 26. Qf3 Bf8 27. Nf5 Bg6 28. Ne3 Re8 29. Rd2 Be4 30. Qh5 Bd6 31. Nc4 Bg6 32. Qd1 Bf4 33. Re2 Rxe2 34. Qxe2 Qxd5 35. g3 Bc7 36. Qe7 Qd8 37. Qxd8+ Bxd8 38. Bc1 Bc2 39. Nd2 Bc7 40. Kf1 Bd3+ 41. Ke1 Be5 42. Ba3 Bc3 43. Kd1 Kf7 44. Nf3 Bf5 45. h4 Bg4 46. Ke2 Bd4 47. Bc1 Ke6 48. Be3 Kd5 49. Bxd4 cxd4 50. h5 Ke4 51. h6 Bxf3+ 52. Kd2 gxh6 53. a5 bxa5 0-1


[Site "https://www.chess.com"]

[Event "Titled Tuesday Blitz December 13 Late 2022"]
[White "Adel, Sara"]
[Black "Buchenau, Frank"]
[WhiteFideId "10616764"]
[BlackFideId "4604350"]
[WhiteElo "1997"]
[BlackElo "2157"]
[Result "0-1"]
[Round "08"]
[TimeControl "180+1"]
[Date "2022.12.14"]
[WhiteClock "0:00:11"]
[BlackClock "0:00:55"]

1. e4 e6 2. d4 d5 3. Nd2 c5 4. c3 cxd4 5. cxd4 dxe4 6. Nxe4 Be7 7. Nf3 Nf6 8. Nxf6+ Bxf6 9. Be3 O-O 10. Bd3 Bd7 11. O-O Bc6 12. Rc1 Bd5 13. a3 Nc6 14. Bb1 Bxf3 15. Qxf3 Bxd4 16. Rxc6 Bxe3 17. Rc4 Bb6 18. Bxh7+ Kxh7 19. Qh5+ Kg8 20. Rh4 f5 21. Rd1 Qf6 22. Rd7 Qh6 23. Qxh6 gxh6 24. Rxh6 Rf7 25. Rxf7 Kxf7 26. Rh7+ Kf6 27. Rxb7 Rd8 28. g3 Rd2 29. b4 Bxf2+ 30. Kf1 Bb6 31. h4 Rf2+ 32. Ke1 Ra2 33. h5 Kg5 34. Re7 Kf6 35. Rd7 Rxa3 36. h6 Rxg3 37. h7 Rh3 38. Kd2 f4 39. Ke2 f3+ 40. Kd2 f2 41. Rd3 Rxd3+ 42. Ke2 Rh3 43. Kf1 Rh1+ 44. Ke2 f1=Q+ 0-1


[Site "https://www.chess.com"]

[Event "Titled Tuesday Blitz December 13 Late 2022"]
[White "Adewumi, Tanitoluwa"]
[Black "Barbot, Pierre"]
[WhiteFideId "30966396"]
[BlackFideId "663727"]
[WhiteElo "2472"]
[BlackElo "2439"]
[Result "1-0"]
[Round "08"]
[TimeControl "180+1"]
[Date "2022.12.14"]
[WhiteClock "0:00:04"]
[BlackClock "0:00:01"]

1. e4 c5 2. Nf3 Nc6 3. Bb5 g6 4. Bxc6 dxc6 5. d3 Bg7 6. h3 Nf6 7. Be3 Nd7 8. Nc3 e5 9. Qd2 h6 10. O-O b6 11. Nh2 Nf8 12. f4 exf4 13. Bxf4 Ne6 14. Bg3 Qg5 15. Qe1 Nd4 16. Qf2 Be6 17. Bh4 Qh5 18. Ng4 O-O 19. Nf6+ Bxf6 20. Bxf6 Rae8 21. Rae1 Kh7 22. Re3 Bc8 23. Rg3 Ne6 24. Qe3 c4 25. Rg4 Ng5 26. Rgf4 cxd3 27. cxd3 Kg8 28. Qg3 Be6 29. Rh4 Nxh3+ 30. gxh3 1-0


[Site "https://www.chess.com"]

[Event "Titled Tuesday Blitz December 13 Late 2022"]
[White "Ankerst, Mihael"]
[Black "Hajiyev, Kanan"]
[WhiteFideId "14602369"]
[BlackFideId "13404148"]
[WhiteElo "2349"]
[BlackElo "2118"]
[Result "1-0"]
[Round "08"]
[TimeControl "180+1"]
[Date "2022.12.14"]
[WhiteClock "0:01:21"]
[BlackClock "0:00:04"]

1. e4 c6 2. d4 d5 3. e5 a6 4. Bd3 c5 5. dxc5 e6 6. Nf3 Bxc5 7. O-O Ne7 8. Bf4 Ng6 9. Bg3 Nc6 10. Nc3 Qc7 11. Re1 Bd7 12. Qd2 Bb4 13. a3 Bxc3 14. Qxc3 Rc8 15. Qd2 Nce7 16. h4 h6 17. h5 Nf8 18. Qf4 Bb5 19. Qg4 Rg8 20. Nd4 Bxd3 21. cxd3 g6 22. Rac1 Qxc1 23. Rxc1 Rxc1+ 24. Kh2 g5 25. f3 Nd7 26. Nb3 Rc2 27. Qd4 Nc6 28. Qa4 Rxb2 29. Nc1 Ke7 30. d4 Rc8 31. Nd3 Rd2 32. Qb3 Nxd4 33. Qb4+ Ke8 34. Qxd2 Rc4 35. Nb2 Rc2 36. Qxd4 1-0


[Site "https://www.chess.com"]

[Event "Titled Tuesday Blitz December 13 Late 2022"]
[White "Annaberdiyev, Babageldi"]
[Black "Martinez Alcantara, Jose Eduardo"]
[WhiteFideId "14000385"]
[BlackFideId "3805662"]
[WhiteElo "2332"]
[BlackElo "2707"]
[Result "1/2-1/2"]
[Round "08"]
[TimeControl "180+1"]
[Date "2022.12.13"]
[WhiteClock "0:00:20"]
[BlackClock "0:00:58"]

1. e4 c5 2. Nf3 d6 3. d4 cxd4 4. Nxd4 Nf6 5. Nc3 Nc6 6. Bc4 Qb6 7. Nxc6 bxc6 8. O-O g6 9. Qe2 Nd7 10. a4 Bg7 11. a5 Qc7 12. h4 O-O 13. h5 Rb8 14. h6 Bh8 15. f4 e6 16. Rf3 d5 17. Bd3 Nc5 18. e5 f6 19. Be3 Qe7 20. Bd4 Nd7 21. exf6 Bxf6 22. Bxf6 Qxf6 23. Na4 c5 24. Bb5 Qe7 25. Bxd7 Bxd7 26. Qe5 Rbe8 27. Qg7+ Qxg7 28. hxg7 Kxg7 29. Nxc5 Bc8 30. Re1 Rf7 31. Nd3 Rc7 32. Rf2 Ba6 33. Ne5 Rb8 34. c3 d4 35. cxd4 Bb7 36. Nd3 Bd5 37. Nc5 Kf7 38. Na6 Rcb7 39. Nxb8 Rxb8 40. Rc2 Rb7 41. Kf2 h5 42. Re3 Kf6 43. g3 Kf5 44. Re5+ Kf6 45. Re3 Kf5 46. Re5+ Kf6 47. Re3 1/2-1/2


[Site "https://www.chess.com"]

[Event "Titled Tuesday Blitz December 13 Late 2022"]
[White "Averjanov, Alexey"]
[Black "Thiel, Thomas"]
[WhiteFideId "14109867"]
[BlackFideId "4615964"]
[WhiteElo "2626"]
[BlackElo "2237"]
[Result "0-1"]
[Round "08"]
[TimeControl "180+1"]
[Date "2022.12.14"]
[WhiteClock "0:00:02"]
[BlackClock "0:00:10"]

1. d4 Nf6 2. c4 g6 3. Nc3 d5 4. cxd5 Nxd5 5. e4 Nxc3 6. bxc3 Bg7 7. Nf3 c5 8. Be3 Qa5 9. Qd2 Nc6 10. Rc1 cxd4 11. cxd4 Qxd2+ 12. Kxd2 O-O 13. d5 Rd8 14. Ke1 Nb4 15. a3 Na2 16. Rc4 e6 17. Nd4 exd5 18. exd5 Rxd5 19. Be2 Ra5 20. Kd2 Rxa3 21. Ra1 Be6 22. Nxe6 Bxa1 23. Nc7 Rd8+ 24. Ke1 Bc3+ 25. Kf1 Bd2 26. Bc5 Rc3 27. Bxa7 Rxc4 28. Bxc4 Rc8 29. Bb6 Bf4 30. Bxa2 Bxc7 31. Bd4 Re8 32. h3 Be5 33. Bb6 Bc3 34. g4 Re1+ 35. Kg2 Rd1 36. Bc4 Bd4 37. Bc7 Rd2 38. Bg3 Rb2 39. Kf3 b5 40. Bd5 b4 41. h4 b3 42. Ke4 Bxf2 43. Be5 Re2+ 44. Kf4 b2 45. Ba2 Re1 46. Bxb2 Re2 47. Bd5 Rxb2 48. Kg5 Be3+ 49. Kf6 Bd4+ 50. Kg5 Kg7 51. h5 h6+ 52. Kf4 g5+ 53. Ke4 Ba7 54. Kf5 Rb4 55. Be4 Bb8 0-1


[Site "https://www.chess.com"]

[Event "Titled Tuesday Blitz December 13 Late 2022"]
[White "Ballester Llagaria, Luis Eduardo"]
[Black "Cruz, William Ferreira Da"]
[WhiteFideId "2297620"]
[BlackFideId "2118050"]
[WhiteElo "2344"]
[BlackElo "2223"]
[Result "1-0"]
[Round "08"]
[TimeControl "180+1"]
[Date "2022.12.14"]
[WhiteClock "0:01:16"]
[BlackClock "0:00:33"]

1. e4 e6 2. d4 d5 3. Bd3 c5 4. exd5 cxd4 5. Bb5+ Bd7 6. dxe6 fxe6 7. Bxd7+ Qxd7 8. Nf3 Nc6 9. O-O Nf6 10. Nbd2 Bc5 11. Re1 O-O 12. Ne4 Nxe4 13. Rxe4 e5 14. Qe2 Rae8 15. Qc4+ Re6 16. Ng5 Nd8 17. Nxe6 Nxe6 18. Rxe5 d3 19. Qxe6+ Qxe6 20. Rxe6 Rxf2 21. Be3 Re2 22. Bxc5 Rxe6 23. cxd3 Rb6 24. Bxb6 1-0


[Site "https://www.chess.com"]

[Event "Titled Tuesday Blitz December 13 Late 2022"]
[White "Barria Zuniga, Daniel"]
[Black "Andrews, Todd"]
[WhiteFideId "3400816"]
[BlackFideId "2012456"]
[WhiteElo "2414"]
[BlackElo "2383"]
[Result "0-1"]
[Round "08"]
[TimeControl "180+1"]
[Date "2022.12.13"]
[WhiteClock "0:00:04"]
[BlackClock "0:00:10"]

1. d4 Nf6 2. c4 c5 3. d5 b5 4. Qc2 e6 5. e4 bxc4 6. Nc3 exd5 7. e5 Ng4 8. Nxd5 Bb7 9. Bxc4 Nxe5 10. Qe4 Qe7 11. Ne2 Bxd5 12. Bxd5 Nec6 13. Qa4 Qe5 14. Bc4 Be7 15. O-O O-O 16. Nc3 Nd4 17. Nd5 Nbc6 18. Bf4 Qf5 19. Rad1 Kh8 20. Rfe1 Bg5 21. Bd6 Rfe8 0-1


[Site "https://www.chess.com"]

[Event "Titled Tuesday Blitz December 13 Late 2022"]
[White "Bernabeu Lopez, Carlos Javier"]
[Black "Ozates, Tuna"]
[WhiteFideId "2235366"]
[BlackFideId "6354521"]
[WhiteElo "2324"]
[BlackElo "2151"]
[Result "1-0"]
[Round "08"]
[TimeControl "180+1"]
[Date "2022.12.14"]
[WhiteClock "0:00:36"]
[BlackClock "0:00:03"]

1. e4 c5 2. Nf3 Nc6 3. Bb5 g6 4. O-O Bg7 5. d3 e5 6. Bxc6 bxc6 7. h3 Ne7 8. a3 O-O 9. b4 cxb4 10. axb4 d6 11. c4 h6 12. Nc3 f5 13. b5 f4 14. bxc6 Nxc6 15. Nd5 g5 16. Nh2 Nd4 17. Bb2 f3 18. Bxd4 fxg2 19. Kxg2 exd4 20. Qh5 a5 21. Ng4 Kh7 22. f4 gxf4 23. Rxf4 Rxf4 24. Nxf4 Qg5 25. Qxg5 hxg5 26. Nd5 Ra6 27. Ngf6+ Kg6 28. Ne8 Be5 29. Nec7 Ra7 30. Nb5 Rh7 31. Rxa5 Bxh3+ 32. Kg1 Bg4 33. Ra6 Bf3 34. Nxd6 Rh1+ 35. Kf2 g4 36. Nf5+ Kg5 37. Ra8 Rh2+ 38. Ke1 Re2+ 39. Kf1 Kg6 40. Nxd4 Rd2 41. Nxf3 gxf3 42. Rg8+ Kh5 43. c5 Bd4 44. Ke1 f2+ 45. Kxd2 f1=Q 46. c6 Qf2+ 47. Kd1 Be3 48. Nxe3 Qxe3 49. Rd8 Qc5 50. Rd5+ Qxd5 51. exd5 1-0


[Site "https://www.chess.com"]

[Event "Titled Tuesday Blitz December 13 Late 2022"]
[White "Bjelobrk, Igor"]
[Black "Gasparyan, David"]
[WhiteFideId "4300726"]
[BlackFideId "13311980"]
[WhiteElo "2335"]
[BlackElo "2438"]
[Result "1-0"]
[Round "08"]
[TimeControl "180+1"]
[Date "2022.12.13"]
[WhiteClock "0:00:30"]
[BlackClock "0:00:01"]

1. Nf3 Nf6 2. c4 g6 3. Nc3 Bg7 4. e4 d6 5. d4 O-O 6. h3 c5 7. d5 e6 8. Bd3 Re8 9. O-O a6 10. a4 exd5 11. exd5 Nbd7 12. Bf4 Nh5 13. Bxd6 Qb6 14. Bh2 Qxb2 15. Ne4 Qxa1 16. Qxa1 Bxa1 17. Rxa1 Nhf6 18. Nd6 Rf8 19. a5 Ne8 20. Ne4 h6 21. Ne5 Nef6 22. Nc3 Re8 23. Nf3 b6 24. axb6 Nxb6 25. Bc7 Nbd7 26. Na4 Ra7 27. Bd6 Ne4 28. Bf4 Ndf6 29. Bxh6 Bf5 30. Bf1 Rb7 31. Be3 Rc8 32. Ne5 Bd7 33. f3 Bxa4 34. Rxa4 Ng3 35. Bd3 Re8 36. f4 Nfe4 37. Ra3 Rb2 38. Kh2 Reb8 39. d6 R2b3 40. Rxb3 Rxb3 41. d7 Rb8 42. Nc6 Ra8 43. d8=Q+ Rxd8 44. Nxd8 f5 45. Nc6 Nh5 46. Bxe4 fxe4 47. g4 Ng7 48. Bxc5 Ne6 49. Be3 Kf7 50. Kg3 Ke8 51. f5 gxf5 52. gxf5 Ng7 53. Kg4 Kd7 54. Na5 Kd6 55. Bd4 Ne8 56. Kg5 Ke7 57. Kg6 Kf8 58. f6 Nd6 59. Bc5 Ke8 60. Bxd6 Kd7 61. f7 e3 62. f8=Q e2 63. Qe7+ 1-0


[Site "https://www.chess.com"]